[Event "FRA-ch Youth U20 2018"]
[Site "Agen"]
[Date "2018.04.18"]
[Round "5"]
[White "Retailleau, Elise"]
[Black "Fretel, Liza"]
[Result "0-1"]
[ECO "B33"]
[WhiteElo "1932"]
[BlackElo "1849"]
[Annotator "NA"]
[PlyCount "66"]
[EventDate "2018.??.??"]
[EventType "swiss"]
[EventCountry "FRA"]
[SourceTitle "playchess.com"]
[Source "ChessBase"]
[SourceQuality "1"]
[TimeControl "5400+30"]

1. e4 c5 2. Nf3 Nc6 3. d4 cxd4 4. Nxd4 Nf6 5. Nc3 e5 6. Ndb5 d6 7. Bg5 a6 8. Na3 b5 9. Nd5 (9. Bxf6 $5 gxf6 10. Nd5 $11) 9... Be7 10. Bxf6 Bxf6 11. c4 b4 {[%emt 0:01:17] LiveBook: 1306 Games B33: Sicilian: Pelikan and Sveshnikov Variations} 12. Qa4 (12. Nc2 O-O 13. g3 Bg5 14. Bg2 a5 15. O-O Ne7 16. Nce3 Bxe3 17. Nxe3 Be6 18. Rc1 Nc6 19. Nf5 {1-0 (54) Harikrishna,P (2744)-Yu,Y (2751) Huaian 2017}) 12... O-O ({Black should try} 12... Bd7 $15 13. Nb1 (13. Nc2 $2 Nd4 $19) 13... Bg5) 13. Nxb4 Nxb4 $146 ({Predecessor:} 13... Nd4 14. Nac2 Qb6 15. Rb1 Bh4 16. Nxd4 Bxf2+ 17. Kd2 Qxd4+ 18. Bd3 Bh4 19. Rhf1 {0-1 (46) Faltan,P (2110)-Sekera,B (1845) Slovakia 1998}) 14. Qxb4 Rb8 15. Qc3 Qb6 16. b3 Bh4 17. g3 Be7 18. Bg2 d5 19. Nc2 d4 20. Qd2 $11 f5 21. exf5 Bxf5 22. O-O Qg6 23. Ne1 Bb4 24. Qe2 e4 25. Bh1 Rbd8 26. Ng2 Bg4 27. Nh4 Bxe2 28. Nxg6 hxg6 29. Rfc1 Bc3 30. Rxc3 dxc3 31. Bxe4 Bf3 32. Bxg6 Rf6 33. Bc2 Rd2 0-1

[Event "FRA-ch Youth U20 2018"]
[Site "Agen"]
[Date "2018.04.18"]
[Round "5"]
[White "Aouachria, Marwa"]
[Black "Haussernot, Cecile"]
[Result "0-1"]
[ECO "B92"]
[WhiteElo "1687"]
[BlackElo "2165"]
[Annotator "NA"]
[PlyCount "78"]
[EventDate "2018.??.??"]
[EventType "swiss"]
[EventCountry "FRA"]
[SourceTitle "playchess.com"]
[Source "ChessBase"]
[SourceQuality "1"]
[TimeControl "5400+30"]

1. e4 c5 2. Nf3 d6 3. d4 cxd4 4. Nxd4 Nf6 5. Nc3 a6 6. Be2 e5 7. Nb3 Be7 8. O-O O-O 9. Be3 {[%emt 0:00:18] LiveBook: 1274 Games} Bd7 {[%emt 0:00:22] B92: Sicilian Najdorf: 6 Be2} (9... Be6 10. a4 Nbd7 11. Qd2 Rc8 12. a5 Re8 13. Bf3 h6 14. Nc1 Nh7 15. g3 Bg5 16. Nd3 Nb8 17. Bxg5 Qxg5 18. Qxg5 hxg5 19. Rfd1 Nc6 20. Ne2 g4 {0-1 (39) Zherebukh,Y (2633)-Xiong,J (2640) Saint Louis 2018}) 10. f4 Bc6 11. Bf3 Nbd7 12. Qe1 $146 ({Predecessor:} 12. Nd5 Bxd5 13. exd5 Rc8 14. Qd2 Nb6 15. fxe5 Nc4 16. Qc1 dxe5 17. Bg5 {0-1 (35) Hiller,B (1875)-Koenig,P (1982) Berlin Pankow 2005}) 12... b5 13. Rd1 Qc7 14. a3 a5 15. Qg3 b4 16. axb4 axb4 17. fxe5 Nxe5 18. Nd5 Bxd5 19. exd5 Qxc2 20. Nd4 Qg6 21. Bf4 Nxf3+ 22. Qxf3 Rfe8 23. Nc6 Bf8 24. Nxb4 Re4 25. Bd2 Rb8 26. Bc3 Rbxb4 27. Bxb4 Rxb4 28. Qa3 Rg4 29. Rf2 $19 Ne4 30. Re2 Qh5 31. Qd3 Ng5 32. Re3 g6 33. Rc1 f5 34. h3 Rb4 35. Qa3 Rb8 36. Rce1 f4 37. Re8 Rxe8 38. Rxe8 f3 39. Qxd6 f2+ 0-1

[Event "FRA-ch Youth U20 2018"]
[Site "Agen"]
[Date "2018.04.18"]
[Round "5"]
[White "Guigue, Marie-Celine"]
[Black "Bartels, Karina"]
[Result "1/2-1/2"]
[ECO "C00"]
[WhiteElo "1288"]
[BlackElo "1702"]
[Annotator "NA"]
[PlyCount "105"]
[EventDate "2018.??.??"]
[EventType "swiss"]
[EventCountry "FRA"]
[SourceTitle "playchess.com"]
[Source "ChessBase"]
[SourceQuality "1"]
[TimeControl "5400+30"]

1. e4 e6 2. d4 a6 3. Nf3 b5 4. Nc3 Bb7 5. Bd3 Nf6 6. e5 Nd5 7. Ne4 Nb4 8. O-O Nxd3 9. Qxd3 Be7 10. Re1 h6 11. Qe3 d6 12. Qf4 Bxe4 13. Qxe4 d5 14. Qg4 Bf8 15. Bd2 Nc6 16. a3 Qd7 17. b4 Ne7 18. c3 Nf5 19. Nh4 g6 20. Qh3 Be7 21. Nxf5 exf5 22. Qe3 Qe6 23. a4 Qc6 24. a5 Kd7 25. Qd3 Rag8 26. Re3 Qe6 27. Rf3 Re8 28. Re1 Bf8 29. Bc1 Bg7 30. Bd2 Re7 31. Kf1 Rhe8 32. Qb1 Qc6 33. Qd3 f6 34. exf6 Rxe1+ 35. Bxe1 Bxf6 36. Bd2 h5 37. Rg3 Bg7 38. Rf3 Qe6 39. Re3 Qf7 40. Rf3 Re4 41. Re3 Rxe3 42. Qxe3 Qe7 43. Qxe7+ Kxe7 44. Ke2 Ke6 45. Kf3 Bf6 46. h3 g5 47. g4 hxg4+ 48. hxg4 c6 49. Kg3 Be7 50. Kf3 Kf6 51. Bc1 Bd6 52. Bd2 Kg6 53. Bc1 1/2-1/2

[Event "FRA-ch Youth U20 2018"]
[Site "Agen"]
[Date "2018.04.19"]
[Round "6"]
[White "Haussernot, Cecile"]
[Black "Wojnowski, Natalia"]
[Result "1-0"]
[ECO "B40"]
[WhiteElo "2165"]
[BlackElo "1426"]
[Annotator "NA"]
[PlyCount "74"]
[EventDate "2018.??.??"]
[EventType "swiss"]
[EventCountry "FRA"]
[SourceTitle "playchess.com"]
[Source "ChessBase"]
[SourceQuality "1"]
[TimeControl "5400+30"]

1. e4 c5 2. Nf3 e6 3. d4 cxd4 4. Nxd4 Nf6 5. Bd3 Nc6 6. Nxc6 bxc6 7. O-O Be7 8. e5 Nd5 9. Qg4 g6 10. Bh6 Qc7 11. Qg3 Bb7 12. a3 O-O-O 13. c4 Nb6 14. Nc3 d6 15. Rad1 Rhg8 16. Bf4 d5 17. cxd5 Nxd5 18. Ne4 Nxf4 19. Qxf4 f5 20. Nc3 g5 21. Qc4 Rg6 22. Rfe1 a6 23. b4 c5 24. b5 Rd4 25. bxa6 Rxc4 26. axb7+ Qxb7 27. Bxc4 Qb2 28. Rd3 Qxa3 29. Rb1 Qa8 30. Bb5 Qa5 31. Bd7+ Kc7 32. Nb5+ Kb6 33. Nd6+ Ka6 34. Bb5+ Ka7 35. Nc8+ Kb7 36. Nxe7 Rg7 37. Bc6+ Ka7 1-0

[Event "FRA-ch Youth U20 2018"]
[Site "Agen"]
[Date "2018.04.19"]
[Round "6"]
[White "Laronche, Thomas"]
[Black "Grezels, Florian"]
[Result "1-0"]
[ECO "B40"]
[WhiteElo "2137"]
[BlackElo "2181"]
[Annotator "NA"]
[PlyCount "93"]
[EventDate "2018.??.??"]
[EventType "swiss"]
[EventCountry "FRA"]
[SourceTitle "playchess.com"]
[Source "ChessBase"]
[SourceQuality "1"]
[TimeControl "5400+30"]

1. e4 c5 2. Nf3 e6 3. b3 b6 4. Bb2 Bb7 5. Nc3 Nc6 6. Be2 Nd4 7. O-O a6 8. Re1 Ne7 9. Bf1 Ng6 10. Nxd4 cxd4 11. Ne2 e5 12. f4 exf4 13. Nxd4 Bc5 14. Kh1 Qg5 15. Nf5 O-O-O 16. d4 Bb4 17. d5 Nh4 18. Qd4 Bc5 19. Qxg7 Qxg7 20. Bxg7 Nxf5 21. Bxh8 Ne3 22. Rxe3 fxe3 23. Bf6 Re8 24. Bd3 Kc7 25. Re1 b5 26. c3 Kd6 27. g3 Rg8 28. Kg2 Kc7 29. Kf3 Rg6 30. Bd4 Bxd4 31. cxd4 f5 32. exf5 Bxd5+ 33. Kxe3 Rh6 34. h4 Rf6 35. Kf4 Kd6 36. g4 Rf8 37. g5 Rc8 38. f6 Rc3 39. Bxh7 Rh3 40. g6 Rxh4+ 41. Kg5 Rh2 42. Rf1 Rg2+ 43. Kh6 Rh2+ 44. Kg7 Rxa2 45. f7 Bxf7 46. gxf7 Rg2+ 47. Kf6 1-0

[Event "FRA-ch Youth U20 2018"]
[Site "Agen"]
[Date "2018.04.19"]
[Round "6"]
[White "Leriche, Ines"]
[Black "Fretel, Liza"]
[Result "0-1"]
[ECO "A48"]
[WhiteElo "1913"]
[BlackElo "1849"]
[Annotator "NA"]
[PlyCount "120"]
[EventDate "2018.??.??"]
[EventType "swiss"]
[EventCountry "FRA"]
[SourceTitle "playchess.com"]
[Source "ChessBase"]
[SourceQuality "1"]
[TimeControl "5400+30"]

1. d4 Nf6 2. Nf3 g6 3. Bf4 Bg7 4. e3 O-O 5. Be2 {[%emt 0:00:35] LiveBook: 1076 Games} c5 6. c3 Qb6 7. Qc1 {[%emt 0:10:27] A48: 1 d4 Nf6 2 Nf3 g6: Torre, London and Colle Systems} (7. Qb3 d6 8. Nbd2 cxd4 9. Qxb6 axb6 10. exd4 Bd7 11. O-O Nd5 12. Bg3 b5 13. a3 Bc6 14. Rfe1 Nd7 {½-½ (90) Pakleza,Z (2497)-Moranda,W (2599) Zgierz 2018}) 7... d5 8. Nbd2 Nc6 9. h3 cxd4 10. exd4 Nd7 $146 ({Predecessor:} 10... Bf5 11. g4 {½-½ (29) Gamet,A (2097)-Soyez,C (2147) Aix les Bains 2006}) 11. O-O f6 12. Nb3 a5 13. Qd2 a4 14. Nc1 Na5 15. Re1 Re8 16. Rb1 Nf8 17. Bd3 Nc4 18. Qe2 Qe6 19. Qf1 Qf7 20. Nd2 Ne6 21. Nxc4 Nxf4 22. Nb6 Nxd3 23. Nxd3 Ra7 24. Nb4 Ra5 25. Qe2 e5 26. Nxc8 Rxc8 27. Qd2 e4 28. b3 f5 29. Qc2 Bxd4 30. bxa4 Bxc3 31. Red1 Rac5 32. Qe2 d4 33. a3 d3 34. Qe3 Qd7 35. Na2 Bd4 36. Qf4 Rc2 37. Rd2 Rxd2 38. Qxd2 Rc2 39. Qf4 Rxa2 40. Qb8+ Kf7 41. Rxb7 Ra1+ 42. Kh2 Be5+ 43. Qxe5 Qxb7 44. Qxa1 Qc7+ 45. g3 Qc2 46. Qd4 Qc7 47. Qd5+ Ke7 48. a5 Qd7 $11 (48... Qd6 $17 49. Qb7+ Kf6 50. Qb2+ Ke6 51. Qb3+ Qd5 52. Qb6+ Kd7 53. Qa7+ Kc8 54. Qa6+ Kd7 55. Qa7+ Kc8 56. Qa6+ Kd8 57. Qb6+ Kd7 58. Qa7+) 49. Qe5+ Kf7 50. Qc3 d2 51. Qb3+ Kf6 52. Qd1 Qd4 53. Kg2 Qd5 54. Kf1 Qb5+ 55. Kg2 Qxa5 56. a4 Qc3 57. Kf1 Qc4+ 58. Kg2 Qc1 59. Qb3 d1=Q 60. Qb6+ Ke7 0-1

[Event "FRA-ch Youth U20 2018"]
[Site "Agen"]
[Date "2018.04.19"]
[Round "6"]
[White "Terrazzoni, Claire"]
[Black "Aouachria, Marwa"]
[Result "0-1"]
[ECO "B43"]
[WhiteElo "1819"]
[BlackElo "1687"]
[Annotator "NA"]
[PlyCount "74"]
[EventDate "2018.??.??"]
[EventType "swiss"]
[EventCountry "FRA"]
[SourceTitle "playchess.com"]
[Source "ChessBase"]
[SourceQuality "1"]
[TimeControl "5400+30"]

1. e4 c5 2. Nc3 e6 3. Nf3 a6 4. d4 cxd4 5. Nxd4 Nf6 6. e5 Ng8 7. g3 Qc7 8. f4 Bb4 9. Bd2 Nc6 10. Nb3 d5 11. a3 Bxc3 12. Bxc3 Nge7 13. Bh3 b5 14. Nd4 Bb7 15. O-O g6 16. Qd2 Nxd4 17. Bxd4 Rc8 18. Rf2 Nc6 19. Bc3 Qb6 20. Bg2 a5 21. Qd1 Qc5 22. Bd2 h5 23. Rc1 Qb6 24. Qe1 b4 25. axb4 Nxb4 26. Bxb4 axb4 27. Ra1 Rxc2 28. Kf1 Ba6+ 29. Kg1 Bb7 30. Kf1 b3 31. Rxc2 bxc2 32. Qc3 Ba6+ 33. Ke1 Qg1+ 34. Kd2 Qxa1 35. Qc6+ Kf8 36. Kxc2 Kg7 37. Qd6 Rc8+ 0-1

[Event "FRA-ch Youth U20 2018"]
[Site "Agen"]
[Date "2018.04.19"]
[Round "6"]
[White "Guigue, Marie-Celine"]
[Black "Aubert, Laurane"]
[Result "0-1"]
[ECO "B06"]
[WhiteElo "1288"]
[BlackElo "1952"]
[Annotator "NA"]
[PlyCount "102"]
[EventDate "2018.??.??"]
[EventType "swiss"]
[EventCountry "FRA"]
[SourceTitle "playchess.com"]
[Source "ChessBase"]
[SourceQuality "1"]
[TimeControl "5400+30"]

1. e4 g6 2. d4 c6 3. Nf3 d5 4. e5 Bg7 5. Bd3 Bg4 6. h3 {[%emt 0:00:19] B06: Modern Defence} (6. Nbd2 e6 7. h3 Bxf3 8. Nxf3 Nd7 9. O-O Ne7 10. c3 c5 11. Rb1 Nc6 12. b4 c4 13. Bc2 b5 14. a4 a6 15. Ra1 Na7 16. Bg5 {1-0 (46) Hansen,S (2549)-Argandona Riveiro,I (2388) Helsingor 2013}) 6... Bxf3 7. Qxf3 e6 8. O-O Ne7 9. Bg5 h6 $146 ({Predecessor:} 9... O-O 10. Nd2 Nd7 11. Nb3 Rc8 12. Na5 Rb8 13. Nb3 b6 {1-0 (51) Sahki,S (1629)-Huguet,A (1370) France 2012}) 10. Bf6 O-O 11. Bxg7 Kxg7 12. Qf6+ Kh7 13. Nd2 Nd7 14. Qh4 c5 15. c3 Rc8 16. Nf3 Re8 17. Qf4 Kg7 18. h4 Nc6 19. g4 a6 20. a3 Rf8 21. g5 h5 22. Qe3 Qb6 23. Rab1 a5 24. Bc2 cxd4 25. cxd4 Qc7 26. Ba4 Nb6 27. Bb3 a4 28. Ba2 Na5 29. Rfc1 Nbc4 30. Bxc4 Nxc4 31. Qc3 Qd7 32. Nd2 Nxe5 33. Qe3 Nc6 34. Nf3 Qd6 35. Rc3 Rce8 36. Ne5 Ne7 37. f4 Nf5 38. Qf2 Re7 39. Rbc1 Qb6 40. Nf3 Nd6 41. Qc2 Ne4 42. Rd3 Qa5 43. b4 axb3 44. Qxb3 (44. Rxb3 {was forced.} Ra8 45. Ne5) 44... Rc7 45. Rxc7 Qxc7 46. Ne5 Qc1+ 47. Qd1 Qxf4 48. Rf3 Qxh4 49. Qf1 Qxg5+ 50. Kh2 $19 f6 51. Nd7 Nd2 0-1

[Event "FRA-ch Youth U20 2018"]
[Site "Agen"]
[Date "2018.04.20"]
[Round "7"]
[White "Pigeat, Alexandre"]
[Black "Laronche, Thomas"]
[Result "1-0"]
[ECO "E40"]
[WhiteElo "2275"]
[BlackElo "2137"]
[Annotator "NA"]
[PlyCount "111"]
[EventDate "2018.??.??"]
[EventType "swiss"]
[EventCountry "FRA"]
[SourceTitle "playchess.com"]
[Source "ChessBase"]
[SourceQuality "1"]
[TimeControl "5400+30"]

1. d4 Nf6 2. c4 e6 3. Nc3 Bb4 4. e3 Nc6 5. Nge2 e5 {[%emt 0:00:22] E40: Nimzo-Indian: Rubinstein (4 e3): Unusual Black 4th moves} 6. a3 (6. d5 Ne7 7. a3 Bxc3+ 8. Nxc3 d6 9. e4 O-O 10. Be2 a5 11. Be3 b6 12. O-O Nd7 13. b4 {½-½ (29) Lenderman,A (2549)-Gareyev,T (2650) Las Vegas 2013}) 6... Bxc3+ 7. Nxc3 exd4 8. exd4 d5 9. Bg5 $146 ({Find the theoretical novelty and annotate with similar games:} 9. cxd5 Nxd5 10. Bc4 Nxc3 11. bxc3 {0-1 (34) Molina,V (773)-Malyszek,T (932) LSS email 2013}) 9... dxc4 10. Qe2+ Kf8 11. Ne4 (11. O-O-O $14) 11... h6 12. Bxf6 $1 gxf6 13. Rd1 Bf5 14. f3 Kg7 15. Qe3 Qd5 16. Kf2 (16. Nc3 $15 Qa5 17. Qf4) 16... Rae8 17. Nc3 Rxe3 18. Nxd5 Rb3 19. Rd2 Bd3 20. Bxd3 cxd3 21. Rc1 Rd8 22. Ne3 Kg6 23. d5 Ne7 24. Rc5 a6 25. h4 b6 26. Rc4 Nxd5 27. h5+ Kxh5 28. Nf5 Kg6 29. Nd4 Rb5 30. Nxb5 axb5 31. Rc6 Re8 32. Rxd3 Nf4 33. Rd2 Ne6 34. g4 b4 35. axb4 f5 36. gxf5+ Kxf5 37. Rd7 Rf8 38. b5 Ke5 39. Ke3 Kf5 40. Rd5+ Kf6 41. Rd7 Kf5 42. Rc1 Kf6 43. Rh1 $16 Kg5 44. Rd5+ Kg6 45. f4 f5 46. Rd7 Rh8 47. Rc1 h5 48. Rc6 Re8 49. Rdxc7 h4 50. Kf3 h3 51. Rxb6 h2 52. Rc1 Kh5 53. Rd6 Nxf4 54. Kxf4 Re2 55. Rh1 Rxb2 56. b6 1-0

[Event "FRA-ch Youth U20 2018"]
[Site "Agen"]
[Date "2018.04.20"]
[Round "7"]
[White "Albaric, Etienne"]
[Black "Duquesne, Adrien"]
[Result "1-0"]
[ECO "B51"]
[WhiteElo "2202"]
[BlackElo "2209"]
[Annotator "ChessBase"]
[PlyCount "149"]
[EventDate "2018.??.??"]
[EventType "swiss"]
[EventCountry "FRA"]
[SourceTitle "playchess.com"]
[Source "ChessBase"]
[SourceQuality "1"]
[TimeControl "5400+30"]

1. e4 c5 2. Nf3 d6 3. Bb5+ Nd7 4. O-O a6 5. Bd3 e6 6. a4 Ngf6 7. c3 b5 8. axb5 Bb7 9. bxa6 Bxe4 10. Bxe4 Nxe4 11. Qa4 Nef6 12. Na3 Be7 13. b4 cxb4 14. cxb4 O-O 15. b5 Nd5 16. Bb2 Nc5 17. Qd1 Nd3 18. Bc3 e5 19. Nc4 Qc8 20. Ne3 Nb6 21. Qc2 Nf4 22. Ba5 Qxc2 23. Nxc2 Nc4 24. Rfb1 Nxa5 25. Rxa5 Rfb8 26. Ne3 Bd8 27. Ra4 Nd3 28. Nd5 Nc5 29. Raa1 Kf8 30. d4 Nd7 31. dxe5 dxe5 32. Nd2 Nb6 33. Nb4 Be7 34. Nc6 Rc8 35. Kf1 f6 36. Nb3 Kf7 37. Rd1 Ke6 38. a7 Rc7 39. Ra6 Nc8 40. Nca5+ Kf5 41. b6 Nxb6 42. Rxb6 Raxa7 43. Nc6 Ra2 44. Nxe7+ Rxe7 45. Rd2 Ra3 46. Nc5 Rc7 47. Rb5 Rc3 48. Nb7 Rc1+ 49. Ke2 Rh1 50. h3 Rcc1 51. Nd6+ Kg6 52. Rb3 Rhe1+ 53. Kf3 h5 54. Re3 Rg1 55. Ne4 Rc4 56. Rd7 h4 57. g3 hxg3 58. fxg3 Rf1+ 59. Ke2 Rcc1 60. Nd6 Rce1+ 61. Kd3 Rd1+ 62. Kc4 Rd4+ 63. Kc5 Rc1+ 64. Kb6 Rb4+ 65. Nb5 Rcb1 66. Rd5 Rh1 67. g4 Rb2 68. Kc6 Rbh2 69. Rdd3 Kg5 70. Nd6 g6 71. Ne4+ Kh4 72. Nxf6 Rxh3 73. Rxh3+ Rxh3 74. Rxh3+ Kxh3 75. Kd5 1-0

[Event "FRA-ch Youth U20 2018"]
[Site "Agen"]
[Date "2018.04.20"]
[Round "7"]
[White "Grezels, Florian"]
[Black "Ek, Alexandre"]
[Result "0-1"]
[ECO "B90"]
[WhiteElo "2181"]
[BlackElo "2222"]
[Annotator "NA"]
[PlyCount "62"]
[EventDate "2018.??.??"]
[EventType "swiss"]
[EventCountry "FRA"]
[SourceTitle "playchess.com"]
[Source "ChessBase"]
[SourceQuality "1"]
[TimeControl "5400+30"]

1. e4 c5 2. Nf3 d6 3. d4 cxd4 4. Nxd4 Nf6 5. Nc3 a6 6. Be3 e6 7. f3 b5 8. Qd2 Nbd7 9. g4 Nb6 10. a4 {[%emt 0:00:17] B80: Sicilian Scheveningen: 6 g3 and 6 Be3, including English Attack} b4 (10... Nc4 11. Bxc4 bxc4 12. a5 Qc7 13. g5 Nd7 14. Kd1 Rb8 15. Kc1 Nc5 16. Na4 Nxa4 17. Rxa4 Be7 {0-1 (53) Yu,Y (2734)-Xu,J (2534) Wuxi 2016}) 11. Na2 d5 12. a5 Na4 $146 ({Predecessor:} 12... Nc4 $16 13. Bxc4 dxc4 14. Nxb4 Bb7 15. Nbc6 Qc8 16. Ra4 Bc5 17. Rxc4 Bxd4 18. Qxd4 {1-0 (32) Sedlak,N (2581)-Sadikhov,U (2222) Gent 2013}) 13. e5 $2 (13. Nxb4 $18 Nxb2 14. Ndc6) 13... Nd7 14. Nxb4 Nxb2 15. f4 Nc5 16. c3 Nc4 17. Bxc4 dxc4 18. O-O Bb7 19. Rad1 Qh4 20. Ndc6 Qxg4+ 21. Kh1 Nd3 22. Rg1 Qf3+ 23. Rg2 Bxc6 24. Nxc6 Qxc6 25. f5 exf5 26. Bd4 $19 Rb8 27. Kg1 Bc5 28. Rxg7 Bxd4+ 29. cxd4 Qe4 30. Qa2 Qe3+ 31. Kf1 Qf3+ 0-1

[Event "FRA-ch Youth U20 2018"]
[Site "Agen"]
[Date "2018.04.20"]
[Round "7"]
[White "Aubert, Laurane"]
[Black "Terrazzoni, Claire"]
[Result "1-0"]
[ECO "B50"]
[WhiteElo "1952"]
[BlackElo "1819"]
[Annotator "NA"]
[PlyCount "77"]
[EventDate "2018.??.??"]
[EventType "swiss"]
[EventCountry "FRA"]
[SourceTitle "playchess.com"]
[Source "ChessBase"]
[SourceQuality "1"]
[TimeControl "5400+30"]

1. e4 c5 2. Nf3 d6 3. c3 Nf6 4. h3 Bd7 5. Bd3 {[%emt 0:01:22] B50: Sicilian: 2...d6, Miscellaneous} g6 (5... Bc6 6. Qe2 g6 7. O-O Bg7 8. Bc2 e5 9. d4 Qc7 10. d5 Bd7 11. c4 O-O 12. Nc3 Nh5 {1-0 (36) Vera Siguenas,D (2513)-Barrientos,S (2480) Lima 2018}) 6. O-O Bg7 7. Bc2 O-O 8. d4 Bc6 $146 ({Predecessor:} 8... cxd4 9. cxd4 Nc6 10. Nc3 Qb6 11. e5 Ne8 12. Nd5 Qd8 13. Qe2 dxe5 14. dxe5 Bxh3 15. Rd1 Bd7 16. Be3 Nc7 17. Bb6 axb6 18. Nxb6 Nb8 19. Qd2 e6 20. Nxd7 Nxd7 21. Qxd7 Nd5 22. Qxb7 Qa5 23. Rab1 Rfb8 {½-½ (23) Stefanov,P (2409)-Tenev,T (2330) ICCF email 2008}) 9. Re1 Na6 10. Nbd2 cxd4 11. cxd4 d5 12. e5 Nd7 13. Nf1 Nb6 14. Ne3 Rc8 15. Ng4 Nb4 16. Bb1 Bd7 {[%emt 0:06:12] [#]} 17. Nh6+ $1 Kh8 18. a3 Nc6 19. Nh4 $11 (19. b3 $14) 19... Nxd4 20. Nxf7+ Rxf7 21. Nxg6+ Kg8 22. Qxd4 Rc4 23. Qd1 Bf5 24. e6 Rf6 25. Ne5 Rc8 26. Bg5 Bxb1 27. Bxf6 exf6 28. Nf7 Bc2 29. Qxc2 Qe7 30. Qf5 Rc6 31. Rac1 a6 32. a4 a5 33. b3 Qe8 34. Qg4 Qe7 35. Nh6+ Kf8 36. Nf5 Qc7 37. Rxc6 bxc6 38. e7+ Ke8 39. Nxg7+ 1-0

[Event "FRA-ch Youth U20 2018"]
[Site "Agen"]
[Date "2018.04.20"]
[Round "7"]
[White "Bartels, Karina"]
[Black "Haussernot, Cecile"]
[Result "0-1"]
[ECO "B51"]
[WhiteElo "1702"]
[BlackElo "2165"]
[Annotator "NA"]
[PlyCount "102"]
[EventDate "2018.??.??"]
[EventType "swiss"]
[EventCountry "FRA"]
[SourceTitle "playchess.com"]
[Source "ChessBase"]
[SourceQuality "1"]
[TimeControl "5400+30"]

1. e4 c5 2. Nf3 d6 3. Bb5+ Nd7 4. d4 cxd4 5. Qxd4 a6 6. Bxd7+ Bxd7 7. Bg5 {[%emt 0:00:36] B51: Sicilian: Moscow Variation (3 Bb5+) without 3...Bd7} (7. c4 e5 8. Qd3 b5 9. Nc3 bxc4 10. Qxc4 Be6 11. Qc6+ Bd7 12. Qc4 Be6 13. Qc6+ Bd7 {½-½ (13) Jones,G (2651)-Wojtaszek,R (2738) Batumi 2018}) 7... Rc8 8. Nc3 Bg4 9. Nd2 $146 ({Predecessor:} 9. O-O-O Qa5 10. Bh4 Bxf3 11. gxf3 Qc5 12. Kb1 b5 13. a4 b4 14. Qxc5 Rxc5 {1-0 (52) Pourramezanali,A (2538)-Sedaghati,M (2279) Bandar e Anzali 2018}) 9... Nf6 10. Bxf6 gxf6 11. Nc4 Bg7 12. f4 b5 13. Ne3 Bd7 14. O-O Qc7 15. Rad1 a5 16. Kh1 Qc5 17. f5 h5 18. Ncd5 Rc6 19. c3 Qxd4 20. Rxd4 Bc8 21. Rdd1 Ba6 22. Rf2 Bh6 23. Nc2 Rg8 24. Nd4 Rc8 25. h3 Rg3 26. Ne2 Rg8 27. Nd4 Rc4 28. Re1 Rg3 29. Rf3 Rg8 30. Rf2 Kd8 $14 31. Rf3 b4 32. Rd1 Bb7 33. b3 Bxd5 34. bxc4 Bxe4 35. Rf2 bxc3 36. Nc2 Rg3 37. Kh2 h4 38. Rd4 Be3 39. Nxe3 Rxe3 40. Rd1 Kc7 41. Rc1 Kc6 42. Kg1 Kc5 43. Rf4 Re2 44. Rf2 Rxf2 45. Kxf2 Kxc4 46. g4 hxg3+ 47. Kxg3 Bxf5 48. h4 c2 49. Kf4 Bh7 50. Ke3 Kc3 51. h5 d5 0-1

[Event "FRA-ch Youth U20 2018"]
[Site "Agen"]
[Date "2018.04.20"]
[Round "7"]
[White "Aouachria, Marwa"]
[Black "Leriche, Ines"]
[Result "1/2-1/2"]
[ECO "B38"]
[WhiteElo "1687"]
[BlackElo "1913"]
[Annotator "NA"]
[PlyCount "124"]
[EventDate "2018.??.??"]
[EventType "swiss"]
[EventCountry "FRA"]
[SourceTitle "playchess.com"]
[Source "ChessBase"]
[SourceQuality "1"]
[TimeControl "5400+30"]

1. e4 c5 2. Nf3 Nc6 3. d4 cxd4 4. Nxd4 g6 5. c4 Bg7 6. Be3 Nf6 7. Nc3 O-O 8. Be2 d6 9. O-O Nxd4 10. Bxd4 Bd7 11. f4 Bc6 12. Bf3 Nd7 13. Bxg7 {[%emt 0:05:31] B38: Sicilian: Maroczy Bind with 5...Bg7 and 7...0-0} Kxg7 14. Qd4+ (14. Qd2 a5 15. Rad1 Qb6+ 16. Kh1 Rfd8 17. Nd5 Bxd5 18. exd5 Rac8 19. b3 a4 20. Qc3+ Kg8 {1-0 (31) Shirov,A (2714)-Leon Hoyos,M (2548) Khanty-Mansiysk 2011}) 14... Kg8 15. Rad1 Qb6 16. Kh1 Rfd8 17. Rf2 $146 ({Predecessor:} 17. Qf2 Qb4 18. Rd4 e5 19. a3 Qc5 20. fxe5 Qxe5 21. Bg4 Qe7 22. Bxd7 Rxd7 {1-0 (71) Schmidt,I-Woller,R (2210) Ruhrgebiet 1997}) 17... a5 18. Rfd2 Qxd4 19. Rxd4 Nc5 20. Nd5 Bxd5 21. Rxd5 Rdc8 22. e5 dxe5 23. Rxe5 Rc7 24. f5 Kf8 25. h4 gxf5 26. Rxf5 f6 27. g4 Nd7 28. g5 Ra6 29. h5 e6 30. Rb5 b6 31. gxf6 Kf7 32. Rd4 Nxf6 33. b3 Rc5 34. Rd6 Rf5 35. Kg2 Ke7 36. Rdxb6 Rxb6 37. Rxb6 Nxh5 38. Rb5 Nf6 39. c5 a4 40. b4 Nd7 41. Rb7 Kd8 42. c6 Ne5 43. Be4 Rf4 44. Bxh7 Nxc6 45. b5 Na5 46. Ra7 Nc4 47. Kg3 Rf1 48. Rxa4 Nd6 49. Rb4 Kc7 50. Bd3 Ra1 51. Ra4 Rd1 52. Be2 Rb1 53. Ra7+ Kb8 54. Ra6 Ne4+ 55. Kf3 $11 Nc3 56. Rxe6 Nxe2 57. Kxe2 Rxb5 58. Kd3 Rc5 59. a4 Kb7 60. Rg6 Rc6 61. Rg5 Ka6 62. Kd4 Rc1 1/2-1/2

[Event "FRA-ch Youth U20 2018"]
[Site "Agen"]
[Date "2018.04.20"]
[Round "7"]
[White "Wojnowski, Natalia"]
[Black "Retailleau, Elise"]
[Result "0-1"]
[ECO "B23"]
[WhiteElo "1426"]
[BlackElo "1932"]
[Annotator "NA"]
[PlyCount "66"]
[EventDate "2018.??.??"]
[EventType "swiss"]
[EventCountry "FRA"]
[SourceTitle "playchess.com"]
[Source "ChessBase"]
[SourceQuality "1"]
[TimeControl "5400+30"]

1. e4 c5 2. Nc3 Nc6 3. f4 g6 4. Bc4 Bg7 5. Nf3 e6 6. f5 Nge7 7. fxe6 dxe6 8. O-O O-O {[%emt 0:00:26] B23: Closed Sicilian: Lines without g3} 9. Qe1 (9. d3 Nd4 10. Bg5 h6 11. Bh4 g5 12. Bg3 Ng6 13. Nxd4 cxd4 14. Nb5 Be5 15. c3 Bxg3 16. hxg3 dxc3 17. bxc3 Bd7 18. Nd4 {0-1 (28) Al Modiahki,M (2542)-Kuzubov,Y (2699) Riadh 2017}) 9... Nd4 10. d3 Nxc2 11. Qh4 Nxa1 12. Bh6 Nc2 $146 ({Predecessor:} 12... Nc6 13. Ng5 Bf6 14. Rxf6 Qxf6 15. Bxf8 h5 16. g4 Qf4 {0-1 (16) Sanger,J (1097)-Noble,R (1542) Dundee 2014}) 13. Ng5 Bxh6 14. Qxh6 Qd4+ 15. Rf2 Qg7 16. Qxg7+ Kxg7 17. Rxc2 a6 18. Rf2 Nc6 19. Ne2 h6 20. Nf3 b5 21. Bb3 Rd8 22. Nc1 Nb4 23. Ne5 f6 24. Ng4 f5 25. Ne5 $19 Rd6 26. g4 Ra7 27. gxf5 exf5 28. Rg2 Re7 29. a3 Rxe5 30. axb4 fxe4 31. Rf2 c4 32. dxc4 e3 33. Rf1 Rg5+ 0-1